 Dungeon Sprint DCSS version bcrawl-1.21.3-2-g9d8a61a446 (webtiles) character file.

Game seed: 1037579664096708676

163 funkygono the Magician (level 5, -4/41 HPs)
             Began as a Demonspawn Wizard on Apr 13, 2020.
             Was a Believer of Vehumet.
             Killed from afar by a rime drake (8 damage)
             ... with a flash freeze
             ... in the Dungeon (Sprint V: "Ziggurat Sprint").
             The game lasted 00:04:16 (568 turns).

funkygono the Magician (Demonspawn Wizard)           Turns: 568, Time: 00:04:17

Health: -4/41      AC: 18    Str: 25    XL:     5   Next: 20%
Magic:  0/14       EV: 11    Int: 50    God:    Vehumet [**....]
Gold:   0          SH:  0    Dex: 12    Spells: 9/18 levels left

rFire    x . .     SeeInvis .   F - +6 Majin-Bo {vamp, *Drain Str+12 Int+24}
rCold    + + .     Gourm    .   (shield currently unavailable)
rNeg     . . .     Faith    .   G - +5 ice dragon scales
rPois    .         Spirit   +   c - +0 hat
rElec    .         Reflect  .   (no cloak)
rCorr    .         Harm     .   (no gloves)
MR       .....     NoTele   +   (no boots)
Stlth    +.........             (no amulet)
HPRegen  0.13/turn              y - +6 ring of intelligence
MPRegen  0.14/turn              A - +6 ring of strength

@: no status effects
A: icy blue scales 2, magic shield
a: Renounce Religion


You were in the Dungeon.
You worshipped Vehumet.
Vehumet was pleased with you.
You were not hungry.

You visited 1 branch

Inventory:

Hand Weapons
 F - the +6 Majin-Bo (weapon) {vamp, *Drain Str+12 Int+24}
   (You found it in the Dungeon)

   It inflicts no extra harm, but heals its wielder when it wounds a living foe.
   It affects your strength (+12).
   It affects your intelligence (+24).
   It causes draining when unequipped.
Armour
 b - +5 fire dragon scales
 c - a +0 hat (worn)
 G - +5 ice dragon scales (worn)
Jewellery
 a - the ring of the Fifty Shrikes {rF+ rN++ AC+3 Str-3 SInv}
   (You found it in the Dungeon)

   [ring of protection]

   It affects your AC (+3).
   It affects your strength (-3).
   It protects you from fire.
   It greatly protects you from negative energy.
   It lets you see invisible.
 y - a +6 ring of intelligence (left hand)
 z - a +6 ring of intelligence
 A - a +6 ring of strength (right hand)
 B - a +6 ring of strength
Wands
 C - a wand of disintegration (7)
 D - a wand of iceblast (7)
 E - a wand of acid (7)
Scrolls
 l - 4 scrolls of blinking
 q - 4 scrolls of amnesia
 r - 7 scrolls of fog
 s - 5 scrolls of identify
 t - 5 scrolls of remove curse
 u - 2 scrolls of fear
Potions
 d - 2 potions of invisibility
 f - 3 potions of brilliance
 g - 10 potions of curing
 h - 10 potions of heal wounds
 i - 6 potions of haste
 j - 7 potions of magic
 k - 3 potions of berserk rage
 m - 4 potions of resistance
 o - 5 potions of agility
 p - 5 potions of might
Comestibles
 e - 6 rations {!d}


   Skills:
 + Level 3.1 Fighting
 + Level 3.5 Staves
 + Level 2.9 Armour
 + Level 4.2 Dodging
 + Level 3.4 Stealth
 + Level 7.2 Spellcasting
 + Level 3.4 Conjurations
 + Level 1.4 Summonings
 + Level 1.0 Translocations


You had 9 spell levels left.
You knew the following spells:

 Your Spells              Type           Power        Failure   Level  Hunger
a - Magic Dart            Conj           ####         1%          1    None
b - Blink                 Tloc           N/A          3%          2    None
c - Mephitic Cloud        Conj/Pois/Air  ####....     1%          3    None
d - Call Imp              Summ           ####..       2%          2    None
e - Sting                 Conj/Pois      ####         1%          1    None

Your spell library contained the following spells:

 Spells                   Type           Power        Failure   Level  Hunger
 Searing Ray              Conj           ######..     1%          2    None
 Conjure Flame            Conj/Fire      #####...     1%          3    None
 Spider Form              Tmut/Pois      ###          10%         3    None


Dungeon Overview and Level Annotations

Branches:
Dungeon (1/1)

Altars:
Ashenzari
Cheibriados
Dithmenos
Elyvilon
Fedhas
Gozag
Hepliaklqana
Kikubaaqudgha
Lugonu
Makhleb
Nemelex Xobeh
Okawaru
Qazlal
Ru
Sif Muna
Trog
Uskayaw
Vehumet
Wu Jian
Xom
Yredelemnul
Zin
The Shining One
Beogh
Jiyva

Annotations:
D 1 transporter


Innate Abilities, Weirdness & Mutations

You are mostly covered in icy blue scales. (AC +3)
When hurt, damage is shared between your health and your magic reserves.


Message History

Vehumet accepts your kill.
You can now gain magical power from killing.
Vehumet offers you knowledge of Searing Ray.
You feel your power returning.
Your Spellcasting skill increases to level 7!
You have reached level 5!
Your demonic ancestry asserts itself...
Icy blue scales spread over more of your body.
The steam dragon barely misses you. The steam dragon closely misses you.
The rime drake bites you but does no damage.
Unknown command.
You sock the steam dragon!
You feel better.
The steam dragon is moderately wounded.
The ice encasing you melts away. The steam dragon breathes steam at you.
The steam scalds you terribly! The ball of steam hits you!
* * * LOW HITPOINT WARNING * * *
The rime drake breathes ice at you. You partially resist.
The flash freeze hits you!
You die...

▓▓▓▓▓▓▓▓▓▓▓▓▓▓▓▓▓▓
▓.8©8.▓.8©8.▓.8©8.
▓.)[=.▓.}.).▓.....
▓..=..▓.....▓...}.
▓.....▓....[▓.....
▓.....▓.....▓.....
▓Dk...▓.....▓..©..
▓@D©..▓..©..▓▓▓▓▓▓
▓▓▓▓▓▓▓▓▓▓▓▓▓


You could see a rime drake and 2 steam dragons.

Vanquished Creatures
  A swamp drake (D)
  A crimson imp (D)
  A quasit (D)
  An iron imp (D)
  2 mummies (D)
6 creatures vanquished.

Notes
Turn   | Place    | Note
-------+----------+-------------------------------------------
     0 | D        | funkygono the Demonspawn Wizard began the quest for the
                  | Orb.
     0 | D        | Reached XP level 1. HP: 13/13 MP: 4/4
     0 | D        | Found a shimmering blue altar of Sif Muna.
     0 | D        | Found a sacrificial altar of Ru.
     0 | D        | Found a bloodstained altar of Trog.
     0 | D        | Found a stormy altar of Qazlal.
     0 | D        | Found an iron altar of Okawaru.
     0 | D        | Found a sparkling altar of Nemelex Xobeh.
     0 | D        | Found a blossoming altar of Fedhas.
     1 | D        | Found the +6 Majin-Bo {vamp, *Drain Str+12 Int+24}
     1 | D        | Found the +7 great mace "Firestarter" {inner flame, rF++}
     2 | D        | Found a transporter.
     2 | D        | Found an ancient bone altar of Kikubaaqudgha.
     2 | D        | Found a viscous altar of Jiyva.
     2 | D        | Found a corrupted altar of Lugonu.
     2 | D        | Found a hazy altar of Hepliaklqana.
     2 | D        | Found a burning altar of Makhleb.
     2 | D        | Found an opulent altar of Gozag.
    22 | D        | Found the +9 heavy crossbow "Sniper" {velocity, Acc+∞ SInv}
    22 | D        | Found the +10 dark maul {crush}
    22 | D        | Found the +15 Maxwell's patent armour {-Cast -Tele rElec
                  | MR+ rCorr}
    22 | D        | Found the +18 shield of the Gong {rElec rN+ MR+ EV-5}
    22 | D        | Found the cursed +14 obsidian axe {chop, +Fly SInv *Curse}
    24 | D        | Found the +6 shillelagh "Devastator" {shatter}
    24 | D        | Found the +11 plutonium sword {*Contam Stlth-}
    24 | D        | Found the +8 lance "Wyrmbane" {slay drac, rPois rF+ rC+
                  | AC+3}
    24 | D        | Found the +9 sword of Zonguldrok {reap}
    24 | D        | Found the cursed +13 scythe of Curses {drain, *Curse}
    24 | D        | Found the +0 sword of Power
    24 | D        | Found the +7 mace of Variability {chain chaos}
    24 | D        | Found the +7 Singing Sword {slice}
    24 | D        | Found the +7 longbow "Piercer" {penet, EV-2}
   153 | D        | Became a worshipper of Vehumet
   161 | D        | Reached skill level 4 in Spellcasting
   161 | D        | Gained mutation: You are partially covered in icy blue
                  | scales. (AC +2) [demonic ancestry]
   161 | D        | Reached XP level 2. HP: 23/23 MP: 5/7
   165 | D        | Learned a level 2 spell: Blink
   181 | D        | Entered arena 2.
   181 | D        | Found a transporter.
   190 | D        | Reached skill level 5 in Spellcasting
   190 | D        | Gained mutation: When hurt, damage is shared between your
                  | health and your magic reserves. [demonic ancestry]
   190 | D        | Reached XP level 3. HP: 19/28 MP: 0/9
   195 | D        | Got the ring of the Fifty Shrikes {rF+ rN++ AC+3 Str-3
                  | SInv}
   294 | D        | Learned a level 3 spell: Mephitic Cloud
   299 | D        | Learned a level 2 spell: Call Imp
   299 | D        | Entered arena 3.
   299 | D        | Found a transporter.
   303 | D        | Reached * piety under Vehumet
   303 | D        | Offered knowledge of Sting by Vehumet.
   303 | D        | Reached skill level 1 in Translocations
   303 | D        | Reached XP level 4. HP: 33/34 MP: 6/11
   316 | D        | Reached skill level 6 in Spellcasting
   328 | D        | Learned a level 1 spell: Sting
   553 | D        | Got the cursed +1 robe of the Monkey {Dex+2}
   561 | D        | Entered arena 4.
   561 | D        | Noticed a steam dragon
   561 | D        | Noticed a swamp drake
   561 | D        | Noticed a steam dragon
   561 | D        | Noticed a rime drake
   561 | D        | Found a transporter.
   567 | D        | Killed a swamp drake
   567 | D        | Reached ** piety under Vehumet
   567 | D        | Offered knowledge of Searing Ray by Vehumet.
   567 | D        | Reached skill level 7 in Spellcasting
   567 | D        | Gained mutation: You are mostly covered in icy blue scales.
                  | (AC +3) [demonic ancestry]
   567 | D        | Reached XP level 5. HP: 4/41 MP: 1/14
   568 | D        | Killed from afar by a rime drake

Skill      XL: |  1  2  3  4 |
---------------+-------------+-----
Fighting       | 2 3 |  3.1
Staves         | 2 3 |  3.5
Armour         | 2 |  2.9
Dodging        | 3 4 |  4.2
Spellcasting   | 4 5 7 |  7.2
Conjurations   | 2 3 |  3.4
Translocations | 1 |  1.0
Stealth        | 3 |  3.4
Summonings     | |  1.4

Action                   |  1- 3 |  4- 6 || total
-------------------------+-------+-------++-------
Melee: Quarterstaff      |     5 |    17 ||    22
 Cast: Magic Dart        |     7 |     6 ||    13
       Call Imp          |     1 |     1 ||     2
  Use: Potion            |     1 |       ||     1
 Stab: Distracted        |       |     1 ||     1
  Eat: Ration            |     1 |       ||     1
Armor: Ice dragon scales |     5 |    34 ||    39
Dodge: Dodged            |       |    35 ||    35
